Panthers vs Avalanche

Created - Sunday, October 19, 2014 at 23:00

Goals
1 2 3 T
Panthers 1 0 1 2
Avalanche 4 1 0 5
Shots
1 2 3 T
Panthers 13 2 8 23
Avalanche 18 6 1 25

1st period

1. Panthers , Mats Zuccarello 2 (Brad Boyes, Jake Gardiner) at 2:46 (PP)
2. Avalanche , Troy Brouwer 2 (Mike Ribeiro, Ryan McDonagh) at 3:36
3. Avalanche , Benoit Pouliot 1 (Mike Ribeiro) at 5:55
4. Avalanche , Brad Stuart 2 (Ryan McDonagh, Mike Ribeiro) at 6:32
5. Avalanche , Joffrey Lupul 3 (Mike Ribeiro, Ryan McDonagh) at 17:09 (PP)

Penalties :
Bobby Ryan (Col) for Hooking (Minor) at 2:10, Kevin Westgarth (Col) for Hooking (Minor) at 14:33, David Booth (Fla) for Delaying the game (Minor) at 16:45

2nd period

6. Avalanche , Joffrey Lupul 4 (Ryan McDonagh, Braydon Coburn) at 0:30

Penalties :
Dustin Penner (Fla) for Roughing (Minor) at 0:36, Joe Colborne (Fla) for Roughing (Minor) at 3:31, Shawn Horcoff (Fla) for Hooking (Minor) at 6:35

3rd period

7. Panthers , Shawn Horcoff 1 (Jakob Silfverberg) at 12:24 (PP)

Penalties :
Claude Giroux (Col) for Hooking (Minor) at 4:27, Lars Eller (Col) for Elbowing (Minor) at 7:30, Troy Brouwer (Col) for Tripping (Minor) at 11:33, Lars Eller (Col) for Hooking (Minor) at 13:49, Mike Ribeiro (Col) for Goalie Interference (Minor) at 16:37

Goalie Stats

Cal Heeter (Fla), 12 saves from 16 shots - (0.750), L, 2-3-0, 17:09 minutes
Eddie Lack (Fla), 8 saves from 9 shots - (0.889), 42:51 minutes
Jack Campbell (Col), 21 saves from 23 shots - (0.913), W, 1-1-0, 60:00 minutes

Players Stats for Panthers

Player Name              G  A  P  +/- PIM S  H  SB GA TA FO     MP     PP MP  PK MP  
------------------------------------------------------------------------------------
Adam Larsson             0  0  0  -1  0   0  0  1  1  2  0/0    12:57   0:09   0:00 
Alex Galchenyuk          0  0  0   0  0   2  2  0  2  1  0/3    14:39   0:00   0:00 
Brad Boyes               0  1  1  -3  0   4  2  0  3  1  1/15   22:46   5:50   3:35 
Calvin de Haan           0  0  0   0  0   1  0  2  0  1  0/0    16:18   0:56   3:55 
Colin McDonald           0  0  0   0  0   0  1  0  0  0  0/0     6:13   0:00   0:00 
Danny Kristo             0  0  0   0  0   0  0  0  0  0  0/0     0:00   0:00   0:00 
David Booth              0  0  0   0  2   1  1  0  1  0  2/3    15:06   0:23   0:40 
Dustin Penner            0  0  0  -1  2   2  1  0  3  0  0/0    17:28   5:09   0:00 
Jake Gardiner            0  1  1  -3  0   2  2  0  1  3  0/0    29:03   7:57   2:26 
Jakob Silfverberg        0  1  1  -1  0   1  1  0  6  0  1/2    17:19   5:09   0:00 
Joe Colborne             0  0  0   0  2   0  3  0  0  0  0/0    15:17   0:00   1:19 
Josh Bailey              0  0  0  -3  0   2  2  2  0  0  1/1    19:20   6:13   2:33 
Marco Scandella          0  0  0  -3  0   0  3  4  0  1  0/0    27:38   7:27   2:26 
Mats Zuccarello          1  0  1  -3  0   5  1  0  0  2  2/7    21:01   6:13   3:48 
Nino Niederreiter        0  0  0   0  0   1  1  0  0  0  0/1     6:13   0:00   0:00 
Paul Ranger              0  0  0   0  0   1  3  3  0  3  0/0    24:13   5:35   3:55 
Shawn Horcoff            1  0  1  -1  2   1  2  1  2  0  7/15   18:10   5:09   0:47 
Simon Despres            0  0  0  -1  0   0  2  0  0  2  0/0     9:49   0:40   0:00 

Players Stats for Avalanche

Player Name              G  A  P  +/- PIM S  H  SB GA TA FO     MP     PP MP  PK MP  
------------------------------------------------------------------------------------
Benoit Pouliot           1  0  1   3  0   1  0  0  0  0  0/0    14:23   0:00   2:57 
Bobby Ryan               0  0  0   1  2   1  1  0  0  0  0/0    19:03   3:04   2:44 
Brad Stuart              1  0  1   2  0   3  1  3  1  0  0/0    24:33   2:47   6:48 
Braydon Coburn           0  1  1   2  0   1  0  1  0  4  0/0    25:00   2:47   4:34 
Claude Giroux            0  0  0   1  2   1  4  0  6  0  13/18  20:51   3:04   4:17 
Clayton Stoner           0  0  0   0  0   1  3  0  0  1  0/0    16:09   0:00   4:34 
Daniel Briere            0  0  0   0  0   0  0  0  0  0  1/1    12:17   3:17   0:00 
Joffrey Lupul            2  0  2   1  0   3  2  0  3  1  1/1    15:10   3:17   0:00 
Kevin Westgarth          0  0  0   0  2   0  0  0  0  0  0/1     9:10   0:00   0:00 
Lars Eller               0  0  0   0  4   4  3  1  3  0  7/10   15:26   0:00   5:49 
Mike Ribeiro             0  4  4   3  2   1  0  0  3  0  7/11   13:50   3:17   0:00 
Morgan Rielly            0  0  0   1  0   0  0  0  1  1  0/0    15:52   3:34   0:00 
Rene Bourque             0  0  0   0  0   1  0  0  1  0  1/2     8:42   0:00   0:00 
Rostislav Klesla         0  0  0   0  0   0  2  2  0  1  0/0    16:57   0:00   6:48 
Ryan McDonagh            0  4  4   3  0   4  1  1  1  3  0/0    21:27   3:34   0:00 
Trevor Lewis             0  0  0   0  0   0  0  0  3  0  2/2    16:26   0:00   6:57 
Troy Brouwer             1  0  1   3  2   3  1  0  4  1  1/1    14:02   3:04   0:00 
Tyler Kennedy            0  0  0   0  0   1  0  0  2  0  0/0     9:08   0:00   0:00 

3 Stars

1 - Ryan McDonagh (Col)
2 - Joffrey Lupul (Col)
3 - Mike Ribeiro (Col)

Power Play

Panthers - 2 on 7 Attempt(s) - 28.57%
Avalanche - 1 on 4 Attempt(s) - 25.00%

Penalty Kill

Panthers - 3 on 4 Attempt(s) - 75.00% - Score 0 goal in Penalty Kill
Avalanche - 5 on 7 Attempt(s) - 71.43% - Score 0 goal in Penalty Kill

Official

Referees : Unknown
Linesman : Unknown

Game Notes

Eddie Lack enters game at 17:09 of 1st period
Calvin de Haan is injured at 3:43 of 3rd period (Fractured Bone in Left Hand)

Finance

Level 1 -- Attendance: 5334 (88.90%) -- Ticket Income $426,720
Level 2 -- Attendance: 5000 (100.00%) -- Ticket Income $245,000
Level 3 -- Attendance: 2000 (100.00%) -- Ticket Income $54,000
Level 4 -- Attendance: 4000 (100.00%) -- Ticket Income $68,000
Luxury Box -- Attendance: 962 (96.20%) -- Ticket Income $144,300
Game was played at the Pepsi Center
Total Attendance: 17296 (96.09%)
Total Ticket Income: $938,020
Other Income: $459,630
Total Income: $1,397,650

Panthers

5 vs 5 Forward 
   Center                   Left Wing                Right Wing               Time % Phy DF OF 
 1 Brad Boyes               Mats Zuccarello          Josh Bailey              35     1   2  2  
 2 Shawn Horcoff            Dustin Penner            Jakob Silfverberg        30     1   2  2  
 3 Alex Galchenyuk          David Booth              Joe Colborne             22     1   2  2  
 4 Nino Niederreiter        Colin McDonald           Brad Boyes               13     1   2  2  

5 vs 5 Defense 
   Defense                  Defense                                           Time % Phy DF OF 
 1 Marco Scandella          Jake Gardiner                                     35     1   2  2  
 2 Calvin de Haan           Paul Ranger                                       30     1   2  2  
 3 Jake Gardiner            Adam Larsson                                      22     1   2  2  
 4 Marco Scandella          Simon Despres                                     13     1   2  2  

PowerPlay Forward 
   Center                   Left Wing                Right Wing               Time % Phy DF OF 
 1 Brad Boyes               Mats Zuccarello          Josh Bailey              60     1   2  2  
 2 Shawn Horcoff            Dustin Penner            Jakob Silfverberg        40     1   2  2  

PowerPlay Defense
   Defense                  Defense                                           Time % Phy DF OF 
 1 Marco Scandella          Jake Gardiner                                     60     1   2  2  
 2 Calvin de Haan           Paul Ranger                                       40     1   2  2  

Penalty Kill 4 Players Forward 
   Center                   Wing                     Time % Phy DF OF 
 1 Mats Zuccarello          Brad Boyes               60     1   2  2  
 2 Shawn Horcoff            Josh Bailey              40     1   2  2  

Penalty Kill 4 Players Defense
   Defense                  Defense                  Time % Phy DF OF 
 1 Marco Scandella          Jake Gardiner            60     1   2  2  
 2 Calvin de Haan           Paul Ranger              40     1   2  2  

Penalty Kill - 3 Players Forward 
   Forward                                           Time % Phy DF OF 
 1 Mats Zuccarello                                   60     1   2  2  
 2 Brad Boyes                                        40     1   2  2  

Penalty Kill - 3 Players Defense
   Defense                  Defense                  Time % Phy DF OF 
 1 Marco Scandella          Jake Gardiner            60     1   2  2  
 2 Calvin de Haan           Paul Ranger              40     1   2  2  

4 vs 4 Forward 
   Center                   Wing                     Time % Phy DF OF 
 1 Mats Zuccarello          Brad Boyes               60     1   2  2  
 2 Shawn Horcoff            Josh Bailey              40     1   2  2  

4 vs 4 Defense
   Defense                  Defense                  Time % Phy DF OF 
 1 Marco Scandella          Adam Larsson             60     1   2  2  
 2 Calvin de Haan           Paul Ranger              40     1   2  2  

Last Minutes Offensive
   Center                   Left Wing                Right Wing               Defense                  Defense                  
   Brad Boyes               Mats Zuccarello          Josh Bailey              Marco Scandella          Jake Gardiner            

Last Minutes Defensive
   Center                   Left Wing                Right Wing               Defense                  Defense                  
   Brad Boyes               Mats Zuccarello          Josh Bailey              Marco Scandella          Jake Gardiner            

Goaltenders
Starting : Cal Heeter               
Backup : Eddie Lack               

Extra Forwards
Normal : Alex Galchenyuk, David Booth, Joe Colborne - PP : Alex Galchenyuk, David Booth - PK : Joe Colborne
Extra Defensemen
Normal : Marco Scandella, Adam Larsson, Calvin de Haan - PP : Marco Scandella - PK : Adam Larsson, Calvin de Haan
Penalty Shots
Mats Zuccarello, Brad Boyes, Shawn Horcoff, Josh Bailey, Dustin Penner

Avalanche

5 vs 5 Forward 
   Center                   Left Wing                Right Wing               Time % Phy DF OF 
 1 Claude Giroux            Bobby Ryan               Joffrey Lupul            35     1   2  2  
 2 Mike Ribeiro             Benoit Pouliot           Troy Brouwer             30     1   2  2  
 3 Lars Eller               Rene Bourque             Daniel Briere            22     1   2  2  
 4 Trevor Lewis             Tyler Kennedy            Kevin Westgarth          13     1   2  2  

5 vs 5 Defense 
   Defense                  Defense                                           Time % Phy DF OF 
 1 Brad Stuart              Ryan McDonagh                                     35     1   2  2  
 2 Braydon Coburn           Morgan Rielly                                     30     1   2  2  
 3 Clayton Stoner           Rostislav Klesla                                  22     1   2  2  
 4 Ryan McDonagh            Braydon Coburn                                    13     1   2  2  

PowerPlay Forward 
   Center                   Left Wing                Right Wing               Time % Phy DF OF 
 1 Claude Giroux            Bobby Ryan               Troy Brouwer             60     1   2  2  
 2 Mike Ribeiro             Joffrey Lupul            Daniel Briere            40     1   2  2  

PowerPlay Defense
   Defense                  Defense                                           Time % Phy DF OF 
 1 Morgan Rielly            Ryan McDonagh                                     60     1   2  2  
 2 Braydon Coburn           Brad Stuart                                       40     1   2  2  

Penalty Kill 4 Players Forward 
   Center                   Wing                     Time % Phy DF OF 
 1 Lars Eller               Trevor Lewis             60     1   2  2  
 2 Claude Giroux            Benoit Pouliot           40     1   2  2  

Penalty Kill 4 Players Defense
   Defense                  Defense                  Time % Phy DF OF 
 1 Rostislav Klesla         Brad Stuart              60     1   2  2  
 2 Braydon Coburn           Clayton Stoner           40     1   2  2  

Penalty Kill - 3 Players Forward 
   Forward                                           Time % Phy DF OF 
 1 Claude Giroux                                     60     1   2  2  
 2 Lars Eller                                        40     1   2  2  

Penalty Kill - 3 Players Defense
   Defense                  Defense                  Time % Phy DF OF 
 1 Brad Stuart              Ryan McDonagh            60     1   2  2  
 2 Braydon Coburn           Clayton Stoner           40     1   2  2  

4 vs 4 Forward 
   Center                   Wing                     Time % Phy DF OF 
 1 Claude Giroux            Joffrey Lupul            60     1   2  2  
 2 Lars Eller               Daniel Briere            40     1   2  2  

4 vs 4 Defense
   Defense                  Defense                  Time % Phy DF OF 
 1 Morgan Rielly            Ryan McDonagh            60     1   2  2  
 2 Braydon Coburn           Brad Stuart              40     1   2  2  

Last Minutes Offensive
   Center                   Left Wing                Right Wing               Defense                  Defense                  
   Claude Giroux            Mike Ribeiro             Troy Brouwer             Rostislav Klesla         Ryan McDonagh            

Last Minutes Defensive
   Center                   Left Wing                Right Wing               Defense                  Defense                  
   Claude Giroux            Mike Ribeiro             Troy Brouwer             Rostislav Klesla         Ryan McDonagh            

Goaltenders
Starting : Jack Campbell            
Backup : Semyon Varlamov          

Extra Forwards
Normal : Claude Giroux, Trevor Lewis, Troy Brouwer - PP : Claude Giroux, Trevor Lewis - PK : Claude Giroux
Extra Defensemen
Normal : Ryan McDonagh, Morgan Rielly, Clayton Stoner - PP : Ryan McDonagh - PK : Morgan Rielly, Clayton Stoner
Penalty Shots
Claude Giroux, Troy Brouwer, Mike Ribeiro, Bobby Ryan, Joffrey Lupul

% Time on Ice - Panthers

Lines # - Real PCT - Wanted PCT - Time Play
Normal Forward
1 - 26% - 35% - 11:00
2 - 29% - 30% - 12:15
3 - 30% - 22% - 12:49
4 - 15% - 13% - 6:13
Normal Defense
1 - 22% - 35% - 9:20
2 - 37% - 30% - 15:29
3 - 22% - 22% - 9:17
4 - 19% - 13% - 8:11
PP Forward
1 - 55% - 60% - 6:13
2 - 45% - 40% - 5:09
PP Defense
1 - 50% - 60% - 5:38
2 - 50% - 40% - 5:44
PK Forward
1 - 70% - 60% - 4:28
2 - 30% - 40% - 1:53
PK Defense
1 - 38% - 60% - 2:26
2 - 62% - 40% - 3:55
PK3 Forward
1 - 0% - 60%
2 - 0% - 40%
PK3 Defense
1 - 0% - 60%
2 - 0% - 40%
44 Forward
1 - 0% - 60%
2 - 0% - 40%
44 Defense
1 - 0% - 60%
2 - 0% - 40%
Last Minute Offensive  - 0:00
Last Minute Defensive  - 0:00
Total
Forward - 60:00
Defense - 60:00

% Time on Ice - Avalanche

Lines # - Real PCT - Wanted PCT - Time Play
Normal Forward
1 - 33% - 35% - 13:52
2 - 25% - 30% - 10:34
3 - 21% - 22% - 8:42
4 - 22% - 13% - 9:09
Normal Defense
1 - 35% - 35% - 14:41
2 - 34% - 30% - 14:14
3 - 24% - 22% - 9:57
4 - 8% - 13% - 3:25
PP Forward
1 - 48% - 60% - 3:04
2 - 52% - 40% - 3:17
PP Defense
1 - 56% - 60% - 3:34
2 - 44% - 40% - 2:47
PK Forward
1 - 89% - 60% - 10:05
2 - 11% - 40% - 1:17
PK Defense
1 - 60% - 60% - 6:48
2 - 40% - 40% - 4:34
PK3 Forward
1 - 0% - 60%
2 - 0% - 40%
PK3 Defense
1 - 0% - 60%
2 - 0% - 40%
44 Forward
1 - 0% - 60%
2 - 0% - 40%
44 Defense
1 - 0% - 60%
2 - 0% - 40%
Last Minute Offensive  - 0:00
Last Minute Defensive  - 0:00
Total
Forward - 60:00
Defense - 60:00

Play by Play

1st period


0:01 of 1st period - Claude Giroux wins face-off versus Brad Boyes in neutral zone.
0:17 of 1st period - Wrist shot by Mats Zuccarello.
0:17 of 1st period - Shot Blocked by Ryan McDonagh.
0:19 of 1st period - Slapshot by Jake Gardiner.
0:19 of 1st period - Deflect By Brad Stuart.
0:19 of 1st period - Stopped by Jack Campbell without a rebound.
0:20 of 1st period - Josh Bailey wins face-off versus Claude Giroux in Avalanche zone.
0:21 of 1st period - Wrist shot by Mats Zuccarello.
0:21 of 1st period - Stopped by Jack Campbell without a rebound.
0:22 of 1st period - Shawn Horcoff wins face-off versus Mike Ribeiro in Avalanche zone.
0:27 of 1st period - Snap shot by Jakob Silfverberg.
0:27 of 1st period - Stopped by Jack Campbell with a rebound.
0:39 of 1st period - Wrist shot by Troy Brouwer.
0:39 of 1st period - Shot Misses the Net.
0:53 of 1st period - Slapshot by Troy Brouwer.
0:53 of 1st period - Stopped by Cal Heeter without a rebound.
0:54 of 1st period - Rene Bourque wins face-off versus Alex Galchenyuk in Panthers zone.
0:55 of 1st period - Snap shot by Lars Eller.
0:55 of 1st period - Stopped by Cal Heeter without a rebound.
0:56 of 1st period - David Booth wins face-off versus Lars Eller in Panthers zone.
1:03 of 1st period - Slapshot by David Booth.
1:03 of 1st period - Shot Blocked by Rostislav Klesla.
1:29 of 1st period - Snap shot by Alex Galchenyuk.
1:29 of 1st period - Stopped by Jack Campbell without a rebound.
1:30 of 1st period - Trevor Lewis wins face-off versus Nino Niederreiter in Avalanche zone.
1:35 of 1st period - Slapshot by Ryan McDonagh.
1:35 of 1st period - Stopped by Cal Heeter with a rebound.
1:51 of 1st period - Snap shot by Nino Niederreiter.
1:51 of 1st period - Stopped by Jack Campbell with a rebound.
2:05 of 1st period - Wrist shot by Brad Boyes.
2:05 of 1st period - Stopped by Jack Campbell with a rebound.
2:07 of 1st period - Wrist shot by Marco Scandella.
2:07 of 1st period - Deflect By Brad Boyes.
2:07 of 1st period - Stopped by Jack Campbell without a rebound.
2:08 of 1st period - Claude Giroux wins face-off versus Shawn Horcoff in Avalanche zone.
2:10 of 1st period - Minor Penalty to Bobby Ryan for Hooking.
2:11 of 1st period - Lars Eller wins face-off versus Brad Boyes in Avalanche zone.
2:11 of 1st period - Lars Eller is hit by Josh Bailey.
2:42 of 1st period - Wrist shot by Brad Boyes.
2:42 of 1st period - Stopped by Jack Campbell with a rebound.
2:44 of 1st period - Snap shot by Mats Zuccarello.
2:44 of 1st period - Shot Blocked by Brad Stuart.
2:46 of 1st period - Snap shot by Mats Zuccarello.
2:46 of 1st period - Goal by Mats Zuccarello - Panthers : 1 - Avalanche : 0.
2:47 of 1st period - Claude Giroux wins face-off versus Shawn Horcoff in neutral zone.
3:05 of 1st period - Wrist shot by Joffrey Lupul.
3:05 of 1st period - Stopped by Cal Heeter with a rebound.
3:36 of 1st period - Snap shot by Mike Ribeiro.
3:36 of 1st period - Deflect By Troy Brouwer.
3:36 of 1st period - Goal by Troy Brouwer - Panthers : 1 - Avalanche : 1.
3:37 of 1st period - Mike Ribeiro wins face-off versus Brad Boyes in neutral zone.
4:31 of 1st period - Alex Galchenyuk is hit by Lars Eller and loses puck.
4:38 of 1st period - Slapshot by Lars Eller.
4:38 of 1st period - Shot Blocked by Paul Ranger.
4:40 of 1st period - Snap shot by Lars Eller.
4:40 of 1st period - Stopped by Cal Heeter without a rebound.
4:41 of 1st period - David Booth wins face-off versus Claude Giroux in Panthers zone.
5:44 of 1st period - Jake Gardiner is hit by Rostislav Klesla and loses puck.
5:49 of 1st period - Wrist shot by Ryan McDonagh.
5:49 of 1st period - Stopped by Cal Heeter with a rebound.
5:51 of 1st period - Snap shot by Brad Stuart.
5:51 of 1st period - Shot Blocked by Adam Larsson.
5:53 of 1st period - Slapshot by Ryan McDonagh.
5:53 of 1st period - Stopped by Cal Heeter without a rebound.
5:54 of 1st period - Mike Ribeiro wins face-off versus Brad Boyes in Panthers zone.
5:55 of 1st period - Snap shot by Benoit Pouliot.
5:55 of 1st period - Goal by Benoit Pouliot - Panthers : 1 - Avalanche : 2.
5:56 of 1st period - Mike Ribeiro wins face-off versus Brad Boyes in neutral zone.
6:05 of 1st period - Ryan McDonagh is hit by Brad Boyes and loses puck.
6:28 of 1st period - Wrist shot by Mike Ribeiro.
6:28 of 1st period - Shot Blocked by Marco Scandella.
6:30 of 1st period - Snap shot by Ryan McDonagh.
6:30 of 1st period - Stopped by Cal Heeter with a rebound.
6:32 of 1st period - Slapshot by Brad Stuart.
6:32 of 1st period - Deflect By Simon Despres.
6:32 of 1st period - Goal by Brad Stuart - Panthers : 1 - Avalanche : 3.
6:33 of 1st period - Claude Giroux wins face-off versus Shawn Horcoff in neutral zone.
8:41 of 1st period - Paul Ranger is hit by Rostislav Klesla and loses puck.
9:45 of 1st period - Simon Despres is hit by Bobby Ryan and loses puck.
10:00 of 1st period - Slapshot by Dustin Penner.
10:00 of 1st period - Shot Misses the Net.
10:31 of 1st period - Snap shot by Lars Eller.
10:31 of 1st period - Shot Blocked by Paul Ranger.
10:33 of 1st period - Wrist shot by Lars Eller.
10:33 of 1st period - Stopped by Cal Heeter with a rebound.
10:35 of 1st period - Slapshot by Braydon Coburn.
10:35 of 1st period - Shot Blocked by Paul Ranger.
11:11 of 1st period - Braydon Coburn is hit by David Booth and loses puck.
12:24 of 1st period - Slapshot by Tyler Kennedy.
12:24 of 1st period - Shot Blocked by Calvin de Haan.
12:30 of 1st period - Wrist shot by Tyler Kennedy.
12:30 of 1st period - Shot Misses the Net.
12:32 of 1st period - Wrist shot by Kevin Westgarth.
12:32 of 1st period - Shot Misses the Net.
13:20 of 1st period - Colin McDonald is hit by Lars Eller and loses puck.
13:31 of 1st period - Snap shot by Claude Giroux.
13:31 of 1st period - Shot Misses the Net.
13:33 of 1st period - Snap shot by Brad Stuart.
13:33 of 1st period - Stopped by Cal Heeter with a rebound.
13:35 of 1st period - Slapshot by Brad Stuart.
13:35 of 1st period - Stopped by Cal Heeter with a rebound.
13:37 of 1st period - Slapshot by Brad Stuart.
13:37 of 1st period - Shot Misses the Net.
14:33 of 1st period - Minor Penalty to Kevin Westgarth for Hooking.
14:34 of 1st period - Lars Eller wins face-off versus Jakob Silfverberg in Avalanche zone.
15:09 of 1st period - Snap shot by David Booth.
15:09 of 1st period - Stopped by Jack Campbell with a rebound.
15:11 of 1st period - Slapshot by Paul Ranger.
15:11 of 1st period - Stopped by Jack Campbell with a rebound.
15:13 of 1st period - Wrist shot by Josh Bailey.
15:13 of 1st period - Shot Misses the Net.
15:15 of 1st period - Slapshot by Calvin de Haan.
15:15 of 1st period - Shot Blocked by Lars Eller.
15:17 of 1st period - Slapshot by Calvin de Haan.
15:17 of 1st period - Stopped by Jack Campbell with a rebound.
15:19 of 1st period - Snap shot by Josh Bailey.
15:19 of 1st period - Stopped by Jack Campbell without a rebound.
15:20 of 1st period - Shawn Horcoff wins face-off versus Lars Eller in Avalanche zone.
16:17 of 1st period - Jakob Silfverberg is hit by Lars Eller and loses puck.
16:28 of 1st period - Slapshot by Claude Giroux.
16:28 of 1st period - Stopped by Cal Heeter with a rebound.
16:33 of 1st period - Penalty to Kevin Westgarth is over, Kevin Westgarth is back on ice.
16:45 of 1st period - Minor Penalty to David Booth for Delaying the game.
16:46 of 1st period - Mats Zuccarello wins face-off versus Mike Ribeiro in Panthers zone.
17:07 of 1st period - Wrist shot by Mike Ribeiro.
17:07 of 1st period - Shot Misses the Net.
17:09 of 1st period - Snap shot by Joffrey Lupul.
17:09 of 1st period - Goal by Joffrey Lupul - Panthers : 1 - Avalanche : 4.
17:09 of 1st period - Eddie Lack enters game.
17:10 of 1st period - Mike Ribeiro wins face-off versus Alex Galchenyuk in neutral zone.
17:27 of 1st period - Ryan McDonagh is hit by Joe Colborne and loses puck.
18:15 of 1st period - Jake Gardiner is hit by Joffrey Lupul and loses puck.
18:26 of 1st period - Slapshot by Bobby Ryan.
18:26 of 1st period - Shot Misses the Net.
18:28 of 1st period - Slapshot by Braydon Coburn.
18:28 of 1st period - Stopped by Eddie Lack with a rebound.
18:30 of 1st period - Slapshot by Braydon Coburn.
18:30 of 1st period - Deflect By Claude Giroux.
18:30 of 1st period - Shot Misses the Net.
18:30 of 1st period - Puck is out of play.
18:31 of 1st period - Trevor Lewis wins face-off versus Shawn Horcoff in Panthers zone.
18:44 of 1st period - Snap shot by Morgan Rielly.
18:44 of 1st period - Shot Blocked by Marco Scandella.
19:04 of 1st period - Wrist shot by Tyler Kennedy.
19:04 of 1st period - Stopped by Eddie Lack with a rebound.
19:48 of 1st period - Icing by Rostislav Klesla.
19:49 of 1st period - Lars Eller wins face-off versus Alex Galchenyuk in Avalanche zone.
Goals for this period are 1 for Panthers vs 4 for Avalanche.
Shots for this period are 13 for Panthers vs 18 for Avalanche.

2nd period


0:01 of 2nd period - Brad Boyes wins face-off versus Claude Giroux in neutral zone.
0:22 of 2nd period - Snap shot by Joffrey Lupul.
0:22 of 2nd period - Shot Misses the Net.
0:24 of 2nd period - Slapshot by Braydon Coburn.
0:24 of 2nd period - Shot Blocked by Marco Scandella.
0:26 of 2nd period - Wrist shot by Claude Giroux.
0:26 of 2nd period - Shot Blocked by Josh Bailey.
0:28 of 2nd period - Snap shot by Braydon Coburn.
0:28 of 2nd period - Shot Blocked by Josh Bailey.
0:30 of 2nd period - Slapshot by Ryan McDonagh.
0:30 of 2nd period - Deflect By Joffrey Lupul.
0:30 of 2nd period - Goal by Joffrey Lupul - Panthers : 1 - Avalanche : 5.
0:31 of 2nd period - Mike Ribeiro wins face-off versus Shawn Horcoff in neutral zone.
0:33 of 2nd period - Off-side.
0:34 of 2nd period - Shawn Horcoff wins face-off versus Mike Ribeiro in neutral zone.
0:36 of 2nd period - Minor Penalty to Dustin Penner for Roughing.
0:37 of 2nd period - Claude Giroux wins face-off versus Mats Zuccarello in Panthers zone.
0:51 of 2nd period - Wrist shot by Bobby Ryan.
0:51 of 2nd period - Stopped by Eddie Lack without a rebound.
0:52 of 2nd period - Claude Giroux wins face-off versus Mats Zuccarello in Panthers zone.
1:18 of 2nd period - Slapshot by Troy Brouwer.
1:18 of 2nd period - Stopped by Eddie Lack without a rebound.
1:19 of 2nd period - Joffrey Lupul wins face-off versus Mats Zuccarello in Panthers zone.
2:22 of 2nd period - Jake Gardiner is hit by Claude Giroux and loses puck.
2:36 of 2nd period - Penalty to Dustin Penner is over, Dustin Penner is back on ice.
3:19 of 2nd period - Tyler Kennedy is hit by Alex Galchenyuk and loses puck.
3:31 of 2nd period - Minor Penalty to Joe Colborne for Roughing.
3:32 of 2nd period - Mats Zuccarello wins face-off versus Claude Giroux in Panthers zone.
4:32 of 2nd period - Wrist shot by Mike Ribeiro.
4:32 of 2nd period - Stopped by Eddie Lack without a rebound.
4:33 of 2nd period - Claude Giroux wins face-off versus Mats Zuccarello in Panthers zone.
5:31 of 2nd period - Penalty to Joe Colborne is over, Joe Colborne is back on ice.
6:21 of 2nd period - Snap shot by Tyler Kennedy.
6:21 of 2nd period - Shot Misses the Net.
6:23 of 2nd period - Slapshot by Rostislav Klesla.
6:23 of 2nd period - Shot Misses the Net.
6:25 of 2nd period - Slapshot by Rostislav Klesla.
6:25 of 2nd period - Shot Blocked by Shawn Horcoff.
6:35 of 2nd period - Minor Penalty to Shawn Horcoff for Hooking.
6:36 of 2nd period - Mike Ribeiro wins face-off versus Mats Zuccarello in Panthers zone.
8:17 of 2nd period - Ryan McDonagh is hit by Paul Ranger and loses puck.
8:35 of 2nd period - Penalty to Shawn Horcoff is over, Shawn Horcoff is back on ice.
9:11 of 2nd period - Slapshot by Dustin Penner.
9:11 of 2nd period - Shot Misses the Net.
9:37 of 2nd period - Tyler Kennedy is hit by Alex Galchenyuk and loses puck.
9:52 of 2nd period - Ryan McDonagh is hit by Colin McDonald.
10:19 of 2nd period - Ryan McDonagh is hit by Jakob Silfverberg.
12:02 of 2nd period - Braydon Coburn is hit by Brad Boyes and loses puck.
13:20 of 2nd period - Snap shot by Dustin Penner.
13:20 of 2nd period - Stopped by Jack Campbell without a rebound.
13:21 of 2nd period - Shawn Horcoff wins face-off versus Rene Bourque in Avalanche zone.
13:36 of 2nd period - Wrist shot by Rene Bourque.
13:36 of 2nd period - Stopped by Eddie Lack with a rebound.
13:38 of 2nd period - Slapshot by Clayton Stoner.
13:38 of 2nd period - Stopped by Eddie Lack with a rebound.
14:23 of 2nd period - Jake Gardiner is hit by Clayton Stoner and loses puck.
15:56 of 2nd period - Braydon Coburn is hit by Nino Niederreiter and loses puck.
17:45 of 2nd period - Marco Scandella is hit by Ryan McDonagh and loses puck.
18:07 of 2nd period - Clayton Stoner is hit by Simon Despres and loses puck.
18:32 of 2nd period - Wrist shot by Mats Zuccarello.
18:32 of 2nd period - Deflect By Josh Bailey.
18:32 of 2nd period - Stopped by Jack Campbell without a rebound.
18:33 of 2nd period - Lars Eller wins face-off versus Brad Boyes in Avalanche zone.
19:16 of 2nd period - Mats Zuccarello is hit by Claude Giroux and loses puck.
19:41 of 2nd period - Braydon Coburn is hit by Simon Despres and loses puck.
Goals for this period are 0 for Panthers vs 1 for Avalanche.
Shots for this period are 2 for Panthers vs 6 for Avalanche.

3rd period


0:01 of 3rd period - Claude Giroux wins face-off versus Brad Boyes in neutral zone.
0:25 of 3rd period - Brad Stuart is hit by Marco Scandella and loses puck.
0:35 of 3rd period - Off-side.
0:36 of 3rd period - Mike Ribeiro wins face-off versus Shawn Horcoff in neutral zone.
0:46 of 3rd period - Troy Brouwer is hit by Paul Ranger and loses puck.
1:07 of 3rd period - Snap shot by Shawn Horcoff.
1:07 of 3rd period - Deflect By Dustin Penner.
1:07 of 3rd period - Shot Blocked by Braydon Coburn.
1:07 of 3rd period - Puck is out of play.
1:08 of 3rd period - Lars Eller wins face-off versus David Booth in Avalanche zone.
1:08 of 3rd period - Lars Eller is hit by Marco Scandella.
2:22 of 3rd period - Wrist shot by Mats Zuccarello.
2:22 of 3rd period - Stopped by Jack Campbell with a rebound.
2:30 of 3rd period - Paul Ranger is hit by Claude Giroux and loses puck.
3:19 of 3rd period - Braydon Coburn is hit by Shawn Horcoff and loses puck.
3:43 of 3rd period - Wrist shot by Tyler Kennedy.
3:43 of 3rd period - Shot Blocked by Calvin de Haan.
3:43 of 3rd period - Calvin de Haan from Panthers is injured at 3:43 of 3rd period (Fractured Bone in Left Hand).
3:44 of 3rd period - Claude Giroux wins face-off versus Brad Boyes in Panthers zone.
4:00 of 3rd period - Marco Scandella is hit by Joffrey Lupul and loses puck.
4:27 of 3rd period - Minor Penalty to Claude Giroux for Hooking.
4:28 of 3rd period - Shawn Horcoff wins face-off versus Lars Eller in Avalanche zone.
6:27 of 3rd period - Penalty to Claude Giroux is over, Claude Giroux is back on ice.
6:33 of 3rd period - Adam Larsson is hit by Clayton Stoner and loses puck.
6:58 of 3rd period - Wrist shot by Alex Galchenyuk.
6:58 of 3rd period - Stopped by Jack Campbell with a rebound.
7:30 of 3rd period - Minor Penalty to Lars Eller for Elbowing.
7:31 of 3rd period - Claude Giroux wins face-off versus Shawn Horcoff in Avalanche zone.
7:31 of 3rd period - Claude Giroux is hit by Marco Scandella.
7:47 of 3rd period - Wrist shot by Dustin Penner.
7:47 of 3rd period - Stopped by Jack Campbell without a rebound.
7:48 of 3rd period - Shawn Horcoff wins face-off versus Claude Giroux in Avalanche zone.
7:55 of 3rd period - Snap shot by Dustin Penner.
7:55 of 3rd period - Shot Blocked by Brad Stuart.
7:57 of 3rd period - Snap shot by Dustin Penner.
7:57 of 3rd period - Shot Blocked by Rostislav Klesla.
7:59 of 3rd period - Wrist shot by Shawn Horcoff.
7:59 of 3rd period - Shot Hit the Post.
8:01 of 3rd period - Snap shot by Jake Gardiner.
8:01 of 3rd period - Stopped by Jack Campbell with a rebound.
8:03 of 3rd period - Slapshot by Jake Gardiner.
8:03 of 3rd period - Shot Misses the Net.
8:30 of 3rd period - Rostislav Klesla is hit by Josh Bailey and loses puck.
9:20 of 3rd period - Clayton Stoner is hit by Paul Ranger and loses puck.
9:30 of 3rd period - Penalty to Lars Eller is over, Lars Eller is back on ice.
9:31 of 3rd period - Braydon Coburn is hit by Mats Zuccarello and loses puck.
9:58 of 3rd period - Marco Scandella is hit by Clayton Stoner and loses puck.
10:11 of 3rd period - Simon Despres is hit by Brad Stuart and loses puck.
10:20 of 3rd period - Slapshot by Ryan McDonagh.
10:20 of 3rd period - Shot Blocked by Marco Scandella.
10:22 of 3rd period - Snap shot by Ryan McDonagh.
10:22 of 3rd period - Deflect By Lars Eller.
10:22 of 3rd period - Shot Misses the Net.
10:22 of 3rd period - Puck is out of play.
10:23 of 3rd period - Daniel Briere wins face-off versus Shawn Horcoff in Panthers zone.
10:26 of 3rd period - Snap shot by Lars Eller.
10:26 of 3rd period - Shot Misses the Net.
10:28 of 3rd period - Snap shot by Lars Eller.
10:28 of 3rd period - Shot Misses the Net.
10:30 of 3rd period - Snap shot by Lars Eller.
10:30 of 3rd period - Stopped by Eddie Lack with a rebound.
10:42 of 3rd period - Backhand shot by Dustin Penner.
10:42 of 3rd period - Deflect By Jakob Silfverberg.
10:42 of 3rd period - Shot Misses the Net.
10:42 of 3rd period - Puck is out of play.
10:43 of 3rd period - Jakob Silfverberg wins face-off versus Kevin Westgarth in Avalanche zone.
11:19 of 3rd period - Claude Giroux is hit by Joe Colborne and loses puck.
11:33 of 3rd period - Minor Penalty to Troy Brouwer for Tripping.
11:34 of 3rd period - Lars Eller wins face-off versus Brad Boyes in Avalanche zone.
12:17 of 3rd period - Brad Stuart is hit by Dustin Penner and loses puck.
12:24 of 3rd period - Wrist shot by Shawn Horcoff.
12:24 of 3rd period - Goal by Shawn Horcoff - Panthers : 2 - Avalanche : 5.
12:25 of 3rd period - Shawn Horcoff wins face-off versus Mike Ribeiro in neutral zone.
13:21 of 3rd period - Marco Scandella is hit by Claude Giroux and loses puck.
13:49 of 3rd period - Minor Penalty to Lars Eller for Hooking.
13:50 of 3rd period - Claude Giroux wins face-off versus Brad Boyes in Avalanche zone.
14:08 of 3rd period - Snap shot by Mats Zuccarello.
14:08 of 3rd period - Deflect By Brad Boyes.
14:08 of 3rd period - Shot Misses the Net.
14:08 of 3rd period - Puck is out of play.
14:09 of 3rd period - Claude Giroux wins face-off versus Brad Boyes in Avalanche zone.
15:16 of 3rd period - Braydon Coburn is hit by Jake Gardiner and loses puck.
15:49 of 3rd period - Penalty to Lars Eller is over, Lars Eller is back on ice.
16:16 of 3rd period - David Booth is hit by Troy Brouwer and loses puck.
16:21 of 3rd period - Wrist shot by Troy Brouwer.
16:21 of 3rd period - Shot Misses the Net.
16:27 of 3rd period - Ryan McDonagh is hit by Joe Colborne and loses puck.
16:37 of 3rd period - Minor Penalty to Mike Ribeiro for Goalie Interference.
16:38 of 3rd period - Lars Eller wins face-off versus Brad Boyes in Avalanche zone.
16:52 of 3rd period - Slapshot by Mats Zuccarello.
16:52 of 3rd period - Shot Blocked by Brad Stuart.
17:18 of 3rd period - Slapshot by Trevor Lewis.
17:18 of 3rd period - Shot Misses the Net.
17:26 of 3rd period - Brad Stuart is hit by Shawn Horcoff and loses puck.
17:49 of 3rd period - Snap shot by Brad Boyes.
17:49 of 3rd period - Stopped by Jack Campbell without a rebound.
17:50 of 3rd period - Claude Giroux wins face-off versus Brad Boyes in Avalanche zone.
18:25 of 3rd period - Braydon Coburn is hit by Jake Gardiner and loses puck.
18:30 of 3rd period - Wrist shot by Mats Zuccarello.
18:30 of 3rd period - Shot Hit the Post.
18:32 of 3rd period - Snap shot by Mats Zuccarello.
18:32 of 3rd period - Stopped by Jack Campbell with a rebound.
18:34 of 3rd period - Wrist shot by Brad Boyes.
18:34 of 3rd period - Shot Misses the Net.
18:36 of 3rd period - Backhand shot by Mats Zuccarello.
18:36 of 3rd period - Stopped by Jack Campbell without a rebound.
18:37 of 3rd period - Penalty to Mike Ribeiro is over, Mike Ribeiro is back on ice.
18:37 of 3rd period - Troy Brouwer wins face-off versus Brad Boyes in Avalanche zone.
Goals for this period are 1 for Panthers vs 0 for Avalanche.
Shots for this period are 8 for Panthers vs 1 for Avalanche.


Output by the SimonT Hockey Simulator (STHS) for Eric Dolegowski -- Original Page W3C XHTML 1.0 Valid
Hockey Simulator - Hockey Simulation - Hockey Manager